PAAA
HARTFORD PRIDE @ BAKERSFIELD NOBLES
05/19/2056
 
TOP OF THE 1ST
Hartford Pride batting - Pitching for Bakersfield Nobles : RHP David Sullivan
Pitching: RHP David Sullivan
Batting: RHB James Hall 0-0: Ball
1-0: Called Strike
1-1: Ground out 6-3 (Groundball, 6MD, EV 83.1 MPH)
Batting: LHB Leonard Davis 0-0: Ball
1-0: Called Strike
1-1: Ball
2-1: Foul Ball, location: 2F
2-2: Strikes out swinging
Batting: LHB Mario Rodríguez 0-0: Ball
1-0: Fly out, F7 (Line Drive, 7, EV 86.2 MPH)
Top of the 1st over - 0 runs, 0 hits, 0 errors, 0 left on base; Hartford 0 - Bakersfield 0
BOTTOM OF THE 1ST
Bakersfield Nobles batting - Pitching for Hartford Pride : RHP Wessel de Best
Pitching: RHP Wessel de Best
Batting: LHB Kel Jones 0-0: Fly out, F7 (Flyball, 78S, EV 86.9 MPH)
Batting: RHB Jing-quo Au-Yong 0-0: Called Strike
0-1: Ball
1-1: Ball
2-1: Foul Ball, location: 2F
2-2: Ground out 6-3 (Groundball, 6, EV 101.9 MPH)
Batting: RHB Chong-hun Chon 0-0: Ball
1-0: Fly out, F8 (Flyball, 89S, EV 83.8 MPH)
Bottom of the 1st over - 0 runs, 0 hits, 0 errors, 0 left on base; Hartford 0 - Bakersfield 0
TOP OF THE 2ND
Hartford Pride batting - Pitching for Bakersfield Nobles : RHP David Sullivan
Batting: RHB Michael Jones 0-0: Ball
1-0: Foul Ball, location: 2F
1-1: Ball
2-1: Foul Ball, location: 2F
2-2: Ball
3-2: Foul Ball, location: 2F
3-2: Reached on error, E8 (Flyball, 8RM, EV 91.2 MPH)
Batting: RHB Brenden Aaronson 0-0: Foul Ball, location: 2F
0-1: Ball
1-1: SINGLE (Line Drive, 34, EV 107.5 MPH)
Michael Jones to second
Batting: SHB Hsien-feng Wa 0-0: Fielders Choice at 2nd, 4-6 (Groundball, 4, EV 103.8 MPH)
Michael Jones to third
Batting: SHB Ray Reed 0-0: Fly out, F9 (Line Drive, 9LM, EV 103.8 MPH)
Runner from 3rd tags up, SCORES, throw by RF
Batting: LHB Scott Hines 0-0: Fly out, F8 (Line Drive, 8RS, EV 89.4 MPH)
Top of the 2nd over - 1 run, 1 hit, 1 error, 1 left on base; Hartford 1 - Bakersfield 0
BOTTOM OF THE 2ND
Bakersfield Nobles batting - Pitching for Hartford Pride : RHP Wessel de Best
Batting: LHB Jean Kools 0-0: Called Strike
0-1: Ball
1-1: SINGLE (Groundball, 34D, EV 104.4 MPH)
Batting: RHB Bill Zimmerman 0-0: Ball
1-0: Ball
2-0: Called Strike
2-1: Swinging Strike
2-2: Foul Ball, location: 2F
2-2: Fielders Choice at 2nd, 5-4 (Groundball, 5, EV 105.6 MPH)
Batting: RHB Tyrone Higgins 0-0: Called Strike
0-1: Fly out, F6 (Popup, 6S, EV 59.4 MPH)
Batting: LHB Chun-yeong Pyon 0-0: Ball
Balk!
Bill Zimmerman to second
1-0: Ball
2-0: Foul Ball, location: 2F
2-1: Foul Ball, location: 2F
2-2: Fly out, F7 (Flyball, 78M, EV 94.4 MPH)
Bottom of the 2nd over - 0 runs, 1 hit, 0 errors, 1 left on base; Hartford 1 - Bakersfield 0
TOP OF THE 3RD
Hartford Pride batting - Pitching for Bakersfield Nobles : RHP David Sullivan
Batting: RHB Juan Oreta 0-0: Foul Ball, location: 2F
0-1: Ball
1-1: Swinging Strike
1-2: Strikes out swinging
Batting: RHB James Hall 0-0: Ball
1-0: Ball
2-0: Ball
3-0: Called Strike
3-1: Swinging Strike
3-2: Foul Ball, location: 2F
3-2: Fly out, F7 (Line Drive, 7LS, EV 91.9 MPH)
Batting: LHB Leonard Davis 0-0: Ball
1-0: Ball
2-0: Ball
3-0: Base on Balls
Batting: LHB Mario Rodríguez 0-0: Ball
1-0: Called Strike
1-1: Ball
2-1: Ball
3-1: Fielders Choice at 2nd, U6 (Groundball, 4M, EV 85.6 MPH)
Top of the 3rd over - 0 runs, 0 hits, 0 errors, 1 left on base; Hartford 1 - Bakersfield 0
BOTTOM OF THE 3RD
Bakersfield Nobles batting - Pitching for Hartford Pride : RHP Wessel de Best
Batting: LHB Chris Cates 0-0: Called Strike
0-1: Ball
1-1: Called Strike
1-2: Strikes out looking
Batting: RHB Xue-liang Ci 0-0: SOLO HOME RUN (Flyball, 78XD, EV 107.5 MPH), Distance : 418 ft
Batting: LHB Kel Jones 0-0: Called Strike
0-1: Foul Ball, location: 2F
0-2: SINGLE (Line Drive, 7LS, EV 95.0 MPH)
Batting: RHB Jing-quo Au-Yong 0-0: Called Strike
0-1: Ball
1-1: Grounds into double play, 5-4-3 (Groundball, 56S, EV 81.9 MPH)
Bottom of the 3rd over - 1 run, 2 hits, 0 errors, 0 left on base; Hartford 1 - Bakersfield 1
TOP OF THE 4TH
Hartford Pride batting - Pitching for Bakersfield Nobles : RHP David Sullivan
Batting: RHB Michael Jones 0-0: Ball
1-0: Fly out, F9 (Flyball, 9, EV 86.2 MPH)
Batting: RHB Brenden Aaronson 0-0: Called Strike
0-1: Ball
1-1: Foul Ball, location: 2F
1-2: Ball
2-2: Ball
3-2: SINGLE (Groundball, 4D, EV 105.6 MPH)
Batting: SHB Hsien-feng Wa 0-0: Foul Ball, location: 2F
0-1: Called Strike
0-2: Ball
1-2: Foul Ball, location: 2F
1-2: Fielders Choice at 2nd, U6 (Groundball, 4MD, EV 78.8 MPH)
Batting: SHB Ray Reed 0-0: Called Strike
0-1: Foul Ball, location: 2F
0-2: Ball
1-2: Ball
2-2: Ball
3-2: Fly out, F8 (Line Drive, 8LM, EV 98.1 MPH)
Top of the 4th over - 0 runs, 1 hit, 0 errors, 1 left on base; Hartford 1 - Bakersfield 1
BOTTOM OF THE 4TH
Bakersfield Nobles batting - Pitching for Hartford Pride : RHP Wessel de Best
Batting: RHB Chong-hun Chon 0-0: Foul Ball, location: 2F
0-1: Swinging Strike
0-2: SINGLE (Groundball, 56D, EV 98.1 MPH) (infield hit)
Batting: LHB Jean Kools 0-0: Fly out, F7 (Line Drive, 7, EV 95.0 MPH)
Batting: RHB Bill Zimmerman 0-0: Called Strike
0-1: Grounds into double play, 5-4-3 (Groundball, 15, EV 81.2 MPH)
Bottom of the 4th over - 0 runs, 1 hit, 0 errors, 0 left on base; Hartford 1 - Bakersfield 1
TOP OF THE 5TH
Hartford Pride batting - Pitching for Bakersfield Nobles : RHP David Sullivan
Batting: LHB Scott Hines 0-0: Foul Ball, location: 2F
0-1: Ball
1-1: Swinging Strike
1-2: Strikes out looking
Batting: RHB Juan Oreta 0-0: Ball
1-0: Foul Ball, location: 2F
1-1: SOLO HOME RUN (Line Drive, 9D, EV 95.6 MPH), Distance : 378 ft
Batting: RHB James Hall 0-0: Called Strike
0-1: Ball
1-1: Ball
2-1: Ball
3-1: Ground out 6-3 (Groundball, 6, EV 105.6 MPH)
Batting: LHB Leonard Davis 0-0: Foul Ball, location: 2F
0-1: Ball
1-1: Ball
2-1: Ground out 4-3 (Groundball, 4, EV 90.6 MPH)
Top of the 5th over - 1 run, 1 hit, 0 errors, 0 left on base; Hartford 2 - Bakersfield 1
BOTTOM OF THE 5TH
Bakersfield Nobles batting - Pitching for Hartford Pride : RHP Wessel de Best
Batting: RHB Tyrone Higgins 0-0: Ground out 4-3 (Groundball, 34, EV 92.5 MPH)
Batting: LHB Chun-yeong Pyon 0-0: Foul Ball, location: 2F
0-1: Ball
1-1: Ball
2-1: Foul Ball, location: 2F
2-2: Foul Ball, location: 2F
2-2: SINGLE (Groundball, 4D, EV 96.2 MPH)
Batting: LHB Chris Cates 0-0: Ball
1-0: Swinging Strike
1-1: Ball
2-1: Fielders Choice at 2nd, 6-4 (Groundball, 6, EV 78.8 MPH)
Batting: RHB Xue-liang Ci 0-0: Ball
1-0: Foul Ball, location: 2F
1-1: Foul Ball, location: 2F
1-2: Ball
2-2: Fielders Choice at 2nd, 6-4 (Groundball, 6, EV 101.2 MPH)
Bottom of the 5th over - 0 runs, 1 hit, 0 errors, 1 left on base; Hartford 2 - Bakersfield 1
TOP OF THE 6TH
Hartford Pride batting - Pitching for Bakersfield Nobles : RHP David Sullivan
Batting: LHB Mario Rodríguez 0-0: Ball
1-0: Ball
2-0: Ball
3-0: Called Strike
3-1: Ground out U3 (Groundball, 3L, EV 88.8 MPH)
Batting: RHB Michael Jones 0-0: Called Strike
0-1: Ball
1-1: Ball
2-1: Foul Ball, location: 2F
2-2: Strikes out swinging
Batting: RHB Brenden Aaronson 0-0: Called Strike
0-1: DOUBLE (Line Drive, 9LM, EV 106.9 MPH)
Batting: SHB Hsien-feng Wa 0-0: Ball
1-0: Ball
2-0: Called Strike
2-1: Called Strike
2-2: Strikes out looking
Top of the 6th over - 0 runs, 1 hit, 0 errors, 1 left on base; Hartford 2 - Bakersfield 1
BOTTOM OF THE 6TH
Bakersfield Nobles batting - Pitching for Hartford Pride : RHP Wessel de Best
Batting: LHB Kel Jones 0-0: Foul Ball, location: 2F
0-1: Foul Ball, location: 2F
0-2: Ball
1-2: Ball
2-2: Ball
3-2: Fly out, F9 (Flyball, 89M, EV 76.9 MPH)
Batting: RHB Jing-quo Au-Yong 0-0: SINGLE (Groundball, 25, EV 76.2 MPH) (infield hit)
Batting: RHB Chong-hun Chon 0-0: Called Strike
0-1: Ball
1-1: Fielders Choice at 2nd, 6-4 (Groundball, 6, EV 84.4 MPH)
Batting: LHB Jean Kools 0-0: Fly out, F9 (Flyball, 9D, EV 101.9 MPH)
Bottom of the 6th over - 0 runs, 1 hit, 0 errors, 1 left on base; Hartford 2 - Bakersfield 1
TOP OF THE 7TH
Hartford Pride batting - Pitching for Bakersfield Nobles : RHP David Sullivan
Pitching: RHP José Zamora
Batting: SHB Ray Reed 0-0: Ball
1-0: Foul Ball, location: 2F
1-1: SINGLE (Flyball, 3D, EV 89.4 MPH)
Batting: LHB Scott Hines 0-0: Bunted foul
0-1: Bunted foul
0-2: Grounds into double play, 6-4-3 (Groundball, 6, EV 108.1 MPH)
Pinch Hitting: LHB David Wright 0-0: Ball
1-0: Ground out U3 (Groundball, 3, EV 88.8 MPH)
Top of the 7th over - 0 runs, 1 hit, 0 errors, 0 left on base; Hartford 2 - Bakersfield 1
BOTTOM OF THE 7TH
Bakersfield Nobles batting - Pitching for Hartford Pride : RHP Wessel de Best
Now at SS: Yukinaga Hakui
Batting: RHB Bill Zimmerman 0-0: Ball
1-0: Swinging Strike
1-1: Fly out, F9 (Flyball, 9LD, EV 103.1 MPH)
Batting: RHB Tyrone Higgins 0-0: Ball
1-0: Ground out 6-3 (Groundball, 6, EV 80.0 MPH)
Batting: LHB Chun-yeong Pyon 0-0: Called Strike
0-1: Called Strike
0-2: Ball
1-2: Foul Ball, location: 2F
1-2: Ball
2-2: Ball
3-2: Fly out, F5 (Popup, 5F, EV 68.1 MPH)
Bottom of the 7th over - 0 runs, 0 hits, 0 errors, 0 left on base; Hartford 2 - Bakersfield 1
TOP OF THE 8TH
Hartford Pride batting - Pitching for Bakersfield Nobles : RHP José Zamora
Batting: RHB James Hall 0-0: Called Strike
0-1: Ground out 1-3 (Groundball, 13S, EV 68.1 MPH)
Batting: LHB Leonard Davis 0-0: Swinging Strike
0-1: Swinging Strike
0-2: Ball
1-2: Ball
2-2: SINGLE (Groundball, 34D, EV 105.6 MPH)
Batting: LHB Mario Rodríguez 0-0: Called Strike
0-1: Foul Ball, location: 2F
0-2: DOUBLE (Flyball, 78XD, EV 105.0 MPH)
Leonard Davis to third
Runner from 3rd tries for Home, SAFE, no throw by LF
Batting: RHB Michael Jones 0-0: Ball
1-0: Fly out, F8 (Flyball, 89M, EV 91.2 MPH)
Batting: RHB Brenden Aaronson 0-0: Ball
1-0: Ball
2-0: Called Strike
2-1: Foul Ball, location: 2F
2-2: Strikes out swinging
Top of the 8th over - 1 run, 2 hits, 0 errors, 1 left on base; Hartford 3 - Bakersfield 1
BOTTOM OF THE 8TH
Bakersfield Nobles batting - Pitching for Hartford Pride : RHP Wessel de Best
Batting: LHB Chris Cates 0-0: Fly out, F7 (Flyball, 7D, EV 110.0 MPH)
Batting: RHB Xue-liang Ci 0-0: Ball
1-0: Called Strike
1-1: Foul Ball, location: 2F
1-2: Foul Ball, location: 2F
1-2: Fly out, F9 (Flyball, 9LMF, EV 100.0 MPH)
Batting: LHB Kel Jones 0-0: Ball
1-0: Ground out 5-3 (Groundball, 56, EV 92.5 MPH)
Bottom of the 8th over - 0 runs, 0 hits, 0 errors, 0 left on base; Hartford 3 - Bakersfield 1
TOP OF THE 9TH
Hartford Pride batting - Pitching for Bakersfield Nobles : RHP José Zamora
Batting: SHB Hsien-feng Wa 0-0: Ball
1-0: Swinging Strike
1-1: Ball
2-1: Swinging Strike
2-2: Strikes out swinging
Batting: SHB Ray Reed 0-0: Ground out 6-3 (Groundball, 6, EV 83.1 MPH)
Batting: LHB Scott Hines 0-0: Ball
1-0: Ball
2-0: Ball
3-0: Called Strike
3-1: Foul Ball, location: 2F
3-2: Ground out 5-3 (Groundball, 25, EV 89.4 MPH)
Top of the 9th over - 0 runs, 0 hits, 0 errors, 0 left on base; Hartford 3 - Bakersfield 1
BOTTOM OF THE 9TH
Bakersfield Nobles batting - Pitching for Hartford Pride : RHP Wessel de Best
Pitching: RHP Matt Jenkins
Batting: RHB Jing-quo Au-Yong 0-0: Fly out, F8 (Flyball, 8LD, EV 90.0 MPH)
Batting: RHB Chong-hun Chon 0-0: SINGLE (Line Drive, 7LS, EV 93.8 MPH)
Batting: LHB Jean Kools 0-0: Ball
1-0: Ball
2-0: SINGLE (Line Drive, 4MD, EV 94.4 MPH)
Chong-hun Chon to second
Batting: RHB Bill Zimmerman 0-0: Called Strike
0-1: Swinging Strike
0-2: Ball
1-2: Foul Ball, location: 2F
1-2: Ball
2-2: Ball
3-2: Base on Balls
Chong-hun Chon to third
Jean Kools to second
Batting: RHB Tyrone Higgins 0-0: Called Strike
0-1: Ball
1-1: Ball
2-1: Foul Ball, location: 2F
2-2: Ball
3-2: Strikes out swinging
Batting: LHB Chun-yeong Pyon 0-0: Ball
1-0: Ball
2-0: Foul Ball, location: 2F
2-1: Called Strike
2-2: Fly out, F7 (Line Drive, 7, EV 101.9 MPH)
Bottom of the 9th over - 0 runs, 2 hits, 0 errors, 3 left on base; Hartford 3 - Bakersfield 1
Tuesday, October 15th , 2024 - OOTP Baseball 25.9 Build 91